 Seeded DCSS version 0.28-a0-895-g6e5f11bd55 (webtiles) character file.

Game seed: 19621962 (custom seed)

60 dracfodder the Chopper (level 4, -1/29 HPs)
             Began as a Gargoyle Berserker on Nov 22, 2021.
             Was a Believer of Trog.
             Killed by nerve-wracking pain
             ... invoked by an orc priest
              (5 damage)
             ... on level 3 of the Dungeon.
             The game lasted 00:03:48 (2178 turns).

dracfodder the Chopper (Gargoyle Berserker)         Turns: 2178, Time: 00:03:49

Health: -1/29      AC:  5    Str: 21    XL:     4   Next: 6%
Magic:  4/4        EV: 12    Int:  8    God:    Trog [**....]
Gold:   99         SH:  0    Dex:  9    Spells: 3/3 levels left

rFire   . . .      SeeInvis .   a - +0 hand axe
rCold   . . .      Faith    .   (no shield)
rNeg    + . .      Spirit   .   f - +0 animal skin
rPois   ∞          Reflect  .   (no helmet)
rElec   +          Harm     .   (no cloak)
rCorr   .          Rampage  .   (no gloves)
Will    .....                   (no boots)
Stlth   +.........              (no amulet)
HPRegen 0.09/turn               (no ring)
MPRegen 0.09/turn               (no ring)

@: on berserk cooldown, slowed, very slow
A: sickness immunity, AC +3, negative energy resistance 1, electricity
resistance, torment resistance 1, petrification resistance
a: Renounce Religion, Berserk, Trog's Hand


You were on level 3 of the Dungeon.
You worshipped Trog.
Trog was pleased with you.
You visited 1 branch of the dungeon, and saw 3 of its levels.

You collected 99 gold pieces.

Inventory:

Hand Weapons
 a - a +0 hand axe (weapon)
 b - a +0 hunting sling
Missiles
 c - 5 stones (quivered)
 j - 22 sling bullets
Armour
 f - a +0 animal skin (worn)
Wands
 h - a wand of iceblast (7)
Scrolls
 d - 2 scrolls of identify
 e - 2 scrolls of teleportation
 i - a scroll of magic mapping
Potions
 g - a potion of lignification


   Skills:
 + Level 3.7 Fighting
 * Level 3.8 Axes
 + Level 2.3 Armour
 + Level 1.9 Dodging


You had 3 spell levels left.
You didn't know any spells.
Your spell library was empty.

Dungeon Overview and Level Annotations

Branches:
Dungeon (3/15)

Altars:


Innate Abilities, Weirdness & Mutations

You are immune to sickness and miasma.
Your stone body is resilient. (AC +3)
You are immune to poison.
You resist negative energy. (rN+)
You are resistant to electric shocks. (rElec)
You are resistant to unholy torment.
You are immune to petrification.


Message History

You are too injured to fight recklessly!
You are too injured to fight recklessly!
You are too injured to fight recklessly!
You slash the orc!
You kill the orc!
Trog accepts your kill.
You closely miss the hobgoblin. You barely miss the orc.
The hobgoblin hits you but does no damage.
The orc misses you.
Items here: )) [ ††.
You slash the orc!
You kill the orc!
Trog accepts your kill.
You slash the hobgoblin!
You kill the hobgoblin!
Trog accepts your kill.
The orc priest mumbles some strange prayers to Beogh against you.
You barely resist. You slash the adder!
You kill the adder!
Trog accepts your kill.
You have reached level 4!
You feel clever.
The orc priest calls down the wrath of Beogh upon you.
Beogh smites you!
* * * LOW HITPOINT WARNING * * *
You feel a strong urge to attack something.
The orc priest hits you with a +0 dagger.
* * * LOW HITPOINT WARNING * * *
You slash the orc priest!
The orc priest is severely wounded.
You are no longer berserk.
You are exhausted.
You feel yourself slow down.
The orc priest hits you but does no damage.
You barely miss the orc priest.
The orc priest is severely wounded.
The orc priest calls down the wrath of Beogh upon you.
Pain shoots through your body!
You die...

..... #.#
.....##.#####
............
................
....... .......
#####.... .......
.......o# .......
.......@# .......
........###.......
.......))......$..
.......†...######
................#
................#
######..........#
#..........#
#....<.....#


You could see an orc priest.

Vanquished Creatures
  An adder (D:3)
  2 dart slugs
  3 orcs (D:3)
  6 ball pythons
  4 endoplasms
  2 giant cockroaches (D:2)
  5 goblins
  6 hobgoblins
  2 quokkas (D:1)
  A bat (D:1)
  3 frilled lizards
  2 kobolds
  4 rats
41 creatures vanquished.

Notes
Turn   | Place    | Note
-------+----------+-------------------------------------------
     0 | D:1      | dracfodder the Gargoyle Berserker began the quest for the
                  | Orb.
     0 | D:1      | Reached XP level 1. HP: 14/14 MP: 1/1
   165 | D:1      | Reached XP level 2. HP: 9/19 MP: 2/2
  1172 | D:2      | Reached XP level 3. HP: 23/23 MP: 3/3
  1726 | D:2      | Reached ** piety under Trog
  2175 | D:3      | Reached XP level 4. HP: 18/29 MP: 4/4
  2178 | D:3      | Killed from afar by an orc priest

Illustrated notes

Levels and vault maps discovered:
D:1:      minmay_arrival_split_and_join, layout_basic
D:2:      layout_loops_cross
D:3:      layout_basic, mainiacjoe_overflow_alcove_2

Skill      XL: |  1 |
---------------+----+-----
Axes           | 3 |  3.8
Fighting       | |  3.7
Armour         | |  2.3
Dodging        | |  1.9

Action                   |  1- 3 |  4- 6 || total
-------------------------+-------+-------++-------
Melee: Hand axe          |   109 |     2 ||   111
 Fire: Hunting sling     |     5 |       ||     5
Invok: Berserk           |     1 |       ||     1
  Use: Scroll            |     3 |       ||     3
Armor: Animal skin       |    40 |     1 ||    41
Dodge: Dodged            |    64 |       ||    64

Table legend: (Time is in decaauts)
 A = Elapsed time spent in this place.
 B = Non-inter-level travel time spent in this place.
 C = Inter-level travel time spent in this place.
 D = Time resting spent in this place.
 E = Time spent auto-exploring this place.
 F = Levels seen in this place.
 G = Mean time per level.
                   A        B        C        D        E       F      G
               +--------+--------+--------+--------+--------+-----+--------+
         Total |   2194 |   2157 |     37 |    165 |   1703 |   3 |  731.3 |
       Dungeon |   2194 |   2157 |     37 |    165 |   1703 |   3 |  731.3 |
               +--------+--------+--------+--------+--------+-----+--------+

Top non-repeatable levels by time:
     D:1: 1164 daAuts
     D:2: 886 daAuts
     D:3: 143 daAuts
